 Dungeon Crawl Stone Soup version 0.30-a0-760-g5a9884bb7c (webtiles) character file.

Game seed: 17502055696927799772

36646 Dirtsage the Carver (level 13, -1/160 HPs)
             Began as a Merfolk Gladiator on Feb 11, 2023.
             Was a High Priest of Wu Jian.
             Slain by a red devil
             ... wielding a +0 trident of flaming
              (3 damage)
             ... in a volcano.
             The game lasted 00:52:56 (13096 turns).

Dirtsage the Carver (Merfolk Gladiator)            Turns: 13096, Time: 00:52:57

Health: -1/160     AC: 18    Str: 24    XL:     13   Next: 91%
Magic:  13/13      EV: 19    Int:  9    God:    Wu Jian [*****.]
Gold:   988        SH:  0    Dex: 20    Spells: 12/12 levels left

rFire   . . .      SeeInvis +    a - +10 long sword "Xymifyh" {heavy, Str+3}
rCold   . . .      Faith    .    (no shield)
rNeg    + . .      Spirit   .    p - +2 scale mail {rF+}
rPois   +          Reflect  .    c - +0 helmet
rElec   +          Harm     .    D - +0 cloak
rCorr   +          Rampage  .    P - +1 pair of gloves
Will    .....                    (no boots) Stlth
                                 (no amulet)
HPRegen 1.26/turn                w - ring "Amnocwyo" {rPois rN+ AC+4 Str+4 Int+2}
MPRegen 0.13/turn                V - ring "Duixtow" {rElec rCorr Str+2 SInv}

@: berserking (expiring), spiked, hasted, very quick
A: (nimble swimmer 2), mertail, sense surroundings 1, regeneration 1, heat
vulnerability 1
a: Renounce Religion, Wall Jump, Serpent's Lash, Heavenly Storm


You were in a volcano.
You worshipped Wu Jian.
Wu Jian was extremely pleased with you.
You visited 3 branches of the dungeon, and saw 15 of its levels.
You also visited: Ossuary, Bailey and Volcano.

You collected 988 gold pieces.

Inventory:

Hand Weapons
 a - the +10 long sword "Xymifyh" (weapon) {heavy, Str+3}
   (You found it on level 1 of the Lair of Beasts)

   Str:       It affects your strength (+3).
 b - a +1 short sword of speed
 I - a +4 falchion
 M - a +1 falchion of freezing
 U - a +1 long sword of protection
Missiles
 d - 8 throwing nets (quivered)
 e - a javelin
 G - 3 curare-tipped darts
Armour
 c - a +0 helmet (worn)
 p - a +2 scale mail of fire resistance (worn)
 D - a +0 cloak (worn)
 L - a +0 troll leather armour
 O - a +0 pair of gloves
 P - a +1 pair of gloves (worn)
Jewellery
 n - a +6 ring of strength
 w - the ring "Amnocwyo" (left hand) {rPois rN+ AC+4 Str+4 Int+2}
   (You found it on level 4 of the Dungeon)

   [ring of protection]

   AC:        It affects your AC (+4).
   Str:       It affects your strength (+4).
   Int:       It affects your intelligence (+2).
   rPois:     It protects you from poison.
   rN:        It protects you from negative energy.
 y - a ring of fire
 N - a ring of magical power
 S - a ring of see invisible
 V - the ring "Duixtow" (right hand) {rElec rCorr Str+2 SInv}
   (You acquired it on level 4 of the Lair of Beasts)

   [ring of resist corrosion]

   Str:       It affects your strength (+2).
   rElec:     It insulates you from electricity.
   SInv:      It lets you see invisible.
   rCorr:     It protects you from acid and corrosion.
 W - a ring of wizardry
Wands
 k - a wand of charming (19)
 v - a wand of mindburst (18)
 F - a wand of iceblast (13)
 H - a wand of light (2)
Scrolls
 f - 2 scrolls of immolation
 g - 5 scrolls of enchant armour
 i - 3 scrolls of identify
 j - 2 scrolls of magic mapping
 m - 2 scrolls of silence
 o - 2 scrolls of enchant weapon
 r - 4 scrolls of fog
 t - 5 scrolls of teleportation
 u - a scroll of butterflies
 B - 3 scrolls of blinking
 R - 2 scrolls of amnesia
 Y - 2 scrolls of poison
Potions
 h - a potion of haste
 l - 9 potions of heal wounds
 q - 7 potions of curing
 s - 5 potions of degeneration
 z - 3 potions of flight
 A - a potion of magic
 E - 3 potions of attraction {unknown}
 J - a potion of cancellation
 K - 3 potions of resistance {unknown}
 Q - 2 potions of brilliance {unknown}
 T - 2 potions of invisibility {unknown}
Miscellaneous
 X - a condenser vane


   Skills:
 + Level 11.6 Fighting
 + Level 14.9 Long Blades
 - Level 2.0 Throwing
 - Level 5.0 Armour
 - Level 14.0 Dodging
 - Level 9.5 Shields
 + Level 4.5 Transmutations
 - Level 7.1 Evocations


You had 12 spell levels left.
You didn't know any spells.
Your spell library contained the following spells:

 Spells                   Type           Power      Damage    Failure   Level
 Magic Dart               Conj           0%         1d3       67%         1
 Slow                     Hex            0%         N/A       67%         1
 Call Imp                 Summ           0%         N/A       80%         2
 Searing Ray              Conj           0%         2d4       80%         2
 Confusing Touch          Hex            0%         N/A       95%         3
 Mephitic Cloud           Conj/Pois/Air  0%         N/A       95%         3
 Tukima's Dance           Hex            0%         N/A       95%         3
 Vampiric Draining        Necr           0%         2d6       95%         3
 Fulminant Prism          Conj/Hex       0%         3d5       100%        4
 Passage of Golubria      Tloc           0%         N/A       100%        4
 Silence                  Hex/Air        0%         N/A       100%        5
 Yara's Violent Unravell  Hex/Tmut       2%         3d3       100%        5
 Lehudib's Crystal Spear  Conj/Erth      0%         10d2      100%        8


Dungeon Overview and Level Annotations

Branches:
Dungeon (10/15)            Temple (1/1) D:6            Lair (4/5) D:10
  Swamp (0/4) Lair:3       Spider (0/4) Lair:3          Orc (0/2) D:10
Ossuary (visited)          Bailey (visited)         Volcano (1/1)
  Slime: Lair:4-5

Altars:
Dithmenos
Elyvilon
Fedhas
Gozag
Hepliaklqana
Kikubaaqudgha
Makhleb
Nemelex Xobeh
Qazlal
Sif Muna
Trog
Uskayaw
Vehumet
Wu Jian
Xom
Zin
The Shining One

Shops:
D:4 [


Innate Abilities, Weirdness & Mutations

((You are very nimble when in or above water. (Stealth+, EV+, Speed+++)))
Your lower body shifts to a powerful aquatic tail in water.
You passively map a small area around you.
Your natural rate of healing is unusually fast.
You are vulnerable to heat. (rF-)


Message History

You slice the red ugly thing!!
The red ugly thing is almost dead.
The red ugly thing engulfs you but does no damage.
The red devil misses you.
The red devil hits you but does no damage.
You cut the red ugly thing into ribbons!!!
You kill the red ugly thing!
The Council accepts your kill.
You regained 2 hp, and now have 38/160 hp.
The barbs in your skin will harm you if you move.
Continue? [Y]es or [N]o only, please.
The barbs in your skin will harm you if you move.
Continue?
Okay, then.
You are too berserk!
The barbs in your skin will harm you if you move.
Continue?
The barbed spikes dig painfully into your body as you move.
* * * LOW HITPOINT WARNING * * *
You lunge at the molten gargoyle.
You barely miss the molten gargoyle. The molten gargoyle closely misses you.
The red devil hits you but does no damage.
The red devil hits you with a +0 trident of flaming!!
* * * LOW HITPOINT WARNING * * *
Barbed spikes become lodged in your body.
The red devil burns you.
* * * LOW HITPOINT WARNING * * *
There is an open door, spattered with blood here.
You see here an ugly thing corpse.
You take 24 damage, and have 14/160 hp.
You slash the red devil!
The red devil is heavily wounded.
The molten gargoyle blasts magma at you!
The bolt of magma hits you!
* * * LOW HITPOINT WARNING * * *
The red devil hits you with a +1 trident of flaming.
* * * LOW HITPOINT WARNING * * *
Barbed spikes become lodged in your body.
The red devil burns you.
* * * LOW HITPOINT WARNING * * *
The red devil hits you with a +0 trident of flaming.
You die...

### * *
##.####### ,
,+...#$$(.
#._.'[!)#
*#...###8### ,
*#494##....## ,
, ,
##@##......# 8
⌠,#...#.⌠..8.#
, +.∩.'......#
, #...##....##
** ##'########
#.# #..## ##.##
##.§.##
#8.8###.§§§.##
#...##..§§...##


You could see a molten gargoyle and 2 red devils.

Vanquished Creatures
  An orc warlord (Bailey)
  Harold (D:10)
  A catoblepas (Lair:1)
  A hydra (Lair:2)
  A sun demon (Volcano)
  Amaemon (D:9)
  A lindwurm (Lair:2)
  2 ugly things (Volcano)
  An oklob plant (Lair:3)
  5 black mambas
  4 elephants (Lair:2)
  An orange demon (D:9)
  A gargoyle (D:10)
  7 cane toads
  2 unseen horrors (D:10)
  2 komodo dragons
  Psyche (D:9)
  2 rime drakes
  2 trolls
  Grinder (D:3)
  2 hornets
  A polar bear (Lair:3)
  12 blink frogs
  Sigmund (D:3)
  A shadow (D:10)
  3 culicivoras (Lair:3)
  2 wyverns
  29 yaks
  10 fire bats
  Grum (D:9)
  A basilisk (Lair:2)
  7 water moccasins
  An acid dragon (D:9)
  5 black bears
  7 orc warriors
  An ice beast (D:6)
  An ogre (D:4)
  30 wolves
  6 centaurs
  Blork the orc (Temple)
  2 elf zombies (Ossuary)
  9 bullfrogs
  5 scorpions
  2 necrophages
  A gnoll sergeant (D:6)
  8 wights
  7 killer bees (D:8)
  An electric eel (Lair:1)
  7 lava snakes (Volcano)
  A crimson imp (D:6)
  2 human zombies (Ossuary)
  2 hounds
  4 orc priests
  3 jellies
  5 iguanas
  13 orc wizards
  3 mummies
  5 gnolls
  9 adders
  2 white imps
  A worm (D:5)
  3 dart slugs
  37 orcs
  7 ball pythons
  4 bats
  7 endoplasms
  7 giant cockroaches
  9 goblins
  12 hobgoblins
  2 jackals (D:2)
  6 quokkas
  4 frilled lizards
  2 goblin zombies
  8 hobgoblin zombies (Ossuary)
  2 jackal zombies (Ossuary)
  18 kobolds
  12 kobold zombies
  10 orc zombies (Ossuary)
  2 rats
  A rat zombie (Ossuary)
  A butterfly (Lair:1)
406 creatures vanquished.

Vanquished Creatures (others)
  2 orc wizards
  31 fungi
  37 plants
70 creatures vanquished.

Grand Total: 476 creatures vanquished

Notes
Turn   | Place    | Note
-------+----------+-------------------------------------------
     0 | D:1      | Dirtsage the Merfolk Gladiator began the quest for the Orb.
     0 | D:1      | Reached XP level 1. HP: 16/16 MP: 1/1
    39 | D:1      | Reached XP level 2. HP: 21/22 MP: 2/2
   333 | D:1      | Reached XP level 3. HP: 27/27 MP: 3/3
   344 | D:1      | Reached skill level 5 in Long Blades
   874 | D:2      | Reached XP level 4. HP: 28/33 MP: 4/4
  1494 | D:3      | Noticed Grinder
  1513 | D:3      | Killed Grinder
  1514 | D:3      | Reached XP level 5. HP: 16/38 MP: 5/5
  1514 | D:3      | Reached XP level 6. HP: 18/44 MP: 6/6
  1620 | D:3      | Found a sparkling altar of Nemelex Xobeh.
  1721 | D:3      | Noticed Sigmund
  1764 | D:3      | Gained mutation: You are weak. (Str -2) [potion of
                  | mutation]
  1764 | D:3      | Gained mutation: You occasionally lose the ability to read
                  | scrolls when taking damage. [potion of mutation]
  1764 | D:3      | Gained mutation: You have supernaturally acute eyesight.
                  | (SInv) [potion of mutation]
  1774 | D:3      | Killed Sigmund
  1775 | D:3      | Reached XP level 7. HP: 28/50 MP: 7/7
  2254 | D:3      | Reached skill level 10 in Long Blades
  2709 | D:4      | Identified the ring "Amnocwyo" {rPois rN+ AC+4 Str+4 Int+2}
  2738 | D:4      | Found a stormy altar of Qazlal.
  2740 | D:4      | Found an ancient bone altar of Kikubaaqudgha.
  2740 | D:4      | Found a stormy altar of Qazlal.
  2742 | D:4      | Found a shimmering altar of Xom.
  2742 | D:4      | Found a blossoming altar of Fedhas.
  2742 | D:4      | Found a radiant altar of Vehumet.
  2788 | D:4      | Reached XP level 8. HP: 56/56 MP: 8/8
  2929 | D:4      | Found Ykauz's Armour Shoppe.
  2943 | D:4      | Found a shimmering blue altar of Sif Muna.
  3056 | D:5      | Entered Level 5 of the Dungeon
  3198 | D:5      | Reached skill level 1 in Evocations
  3339 | D:5      | Reached skill level 5 in Dodging
  4161 | D:6      | Found a sand-covered staircase.
  4169 | Ossuary  | Entered an ossuary
  4666 | D:6      | Reached XP level 9. HP: 62/65 MP: 9/9
  4690 | D:6      | Found a burning altar of Makhleb.
  4705 | D:6      | Noticed Blork the orc
  4722 | D:6      | Found a staircase to the Ecumenical Temple.
  4730 | Temple   | Entered the Ecumenical Temple
  4735 | Temple   | Became a worshipper of the Wu Jian Council
  4736 | Temple   | Saving game... please wait.
  5069 | Temple   | Killed Blork the orc
  5220 | D:6      | Reached skill level 5 in Fighting
  5424 | D:6      | Found a bloodstained altar of Trog.
  5967 | D:7      | Found a flagged portal.
  5976 | Bailey   | Entered a bailey
  5982 | Bailey   | Noticed an orc warlord
  6013 | Bailey   | Reached * piety under Wu Jian
  6205 | Bailey   | Found a runed translucent gate.
  6208 | Bailey   | Found a runed translucent gate.
  6210 | Bailey   | Found a runed translucent gate.
  6342 | Bailey   | Killed an orc warlord
  6343 | Bailey   | Reached skill level 5 in Evocations
  6343 | Bailey   | Reached XP level 10. HP: 77/77 MP: 10/10
  6371 | Bailey   | Lost mutation: You have supernaturally acute eyesight.
                  | (SInv) [potion of mutation]
  6371 | Bailey   | Lost mutation: You are weak. (Str -2) [potion of mutation]
  6371 | Bailey   | Lost mutation: You occasionally lose the ability to read
                  | scrolls when taking damage. [potion of mutation]
  6371 | Bailey   | Gained mutation: You passively map a small area around you.
                  | [potion of mutation]
  6371 | Bailey   | Gained mutation: You are vulnerable to heat. (rF-) [potion
                  | of mutation]
  6371 | Bailey   | Gained mutation: Your natural rate of healing is unusually
                  | fast. [potion of mutation]
  7176 | D:8      | Reached ** piety under Wu Jian
  7195 | D:8      | Found a shadowy altar of Dithmenos.
  7332 | D:8      | Reached XP level 11. HP: 64/84 MP: 11/11
  7437 | D:8      | Found a glowing silver altar of Zin.
  7437 | D:8      | Found a white marble altar of Elyvilon.
  7438 | D:8      | Found a glowing golden altar of the Shining One.
  7906 | D:9      | Noticed Psyche
  7916 | D:9      | Killed Psyche
  8062 | D:9      | Noticed Amaemon
  8095 | D:9      | Killed Amaemon
  8097 | D:9      | Reached skill level 10 in Dodging
  8240 | D:9      | Found a hazy altar of Hepliaklqana.
  8476 | D:9      | Reached XP level 12. HP: 84/92 MP: 12/12
  8657 | D:10     | Entered Level 10 of the Dungeon
  8690 | D:10     | Noticed Grum
  8735 | D:10     | Reached *** piety under Wu Jian
  8767 | D:10     | Reached skill level 1 in Armour
  8876 | D:9      | Killed Grum
  8963 | D:10     | Found a staircase to the Lair.
  8991 | D:10     | Noticed Harold
  9012 | D:10     | Killed Harold
  9305 | D:10     | Found an opulent altar of Gozag.
  9672 | D:10     | Found a staircase to the Orcish Mines.
 10108 | Lair:1   | Entered Level 1 of the Lair of Beasts
 10108 | Lair:1   | Noticed a catoblepas
 10127 | Lair:1   | Killed a catoblepas
 10448 | Lair:1   | Identified the +10 long sword "Xymifyh" {heavy, Str+3}
 10571 | Lair:1   | Reached skill level 10 in Fighting
 10636 | Lair:1   | Reached **** piety under Wu Jian
 10712 | Lair:1   | Reached XP level 13. HP: 86/103 MP: 13/13
 11503 | Lair:2   | You fall into a shaft and drop 1 floor!
 11590 | Lair:3   | Found a staircase to the Swamp.
 11636 | Lair:2   | Reached skill level 5 in Armour
 11971 | Lair:3   | Found a hole to the Spider Nest.
 12014 | Lair:3   | Reached skill level 1 in Transmutations
 12708 | Lair:4   | Identified a scroll of acquirement
 12709 | Lair:4   | Acquired the ring "Duixtow" {rElec rCorr Str+2 SInv}
 12857 | Lair:4   | Reached ***** piety under Wu Jian
 12929 | Lair:4   | Found a dark tunnel.
 12940 | Volcano  | Entered a volcano
 13084 | Volcano  | Found a radiant altar of Vehumet.
 13096 | Volcano  | HP: 8/160 [molten gargoyle/bolt of magma (7)]
 13096 | Volcano  | HP: 2/160 [red devil/+1 trident of flaming (2)]
 13096 | Volcano  | Slain by a red devil

Illustrated notes

Levels and vault maps discovered:
D:1:      saegor_arrival_simple_a, layout_basic
D:2:      layout_rooms, nicolae_elevator_lobby_asterisk
D:3:      layout_basic, mainiacjoe_overflow_boulevard, grunt_ministairs_14,
          lightli_corner_chamber, uniq_sigmund, uniq_grinder
D:4:      layout_cave_pools, doesnt_xom_only_xom,
          mainiacjoe_overflow_six_doors_small, serial_shops,
          nicolae_shop_behind_doors, dk_rats_in_the_wall
D:5:      layout_loops_ring
D:6:      layout_rooms, makhleb_grotto_becter, trog_three_pillars_becter,
          minmay_temple_entry_grid, nicolae_ossuary_entry_giza,
          uniq_blork_the_orc
D:7:      layout_gridville, enter_bailey_6, minmay_misc_feat_more_columns,
          minmay_misc_feat_iff
D:8:      layout_loops_cross, good_gods_temple_1, old_standard_altar,
          fountainhead
D:9:      layout_loops_corners, lemuel_round_altar, serial_glass,
          glass_columns_a, glass_columns_c, item_on_display_a, uniq_amaemon,
          uniq_psyche
D:10:     layout_loops_corners, mainiacjoe_overflow_24_doors,
          due_lair_maze_entry_diamond, orc_0_dummy, uniq_harold, uniq_grum
Temple:   nicolae_temple_bog_church
Lair:1:   layout_regular_city, nicolae_quartered_pool_super, lemuel_fruit_fields
Lair:2:   layout_cave_pods
Lair:3:   layout_long_grid, swamp_mist_pool,
          hellmonk_spider_entry_life_and_decay, lemuel_fruit_fields,
          infiniplex_staircase_pool, serial_bayou_shore_a
Lair:4:   layout_roguey, minmay_slime_entry_pillars,
          nicolae_volcano_entry_batcave
Volcano:  volcano_grotto [vgs_many_chambers]

Skill      XL: |  1  2  3  4  5  6  7  8  9 10 11 12 13 |
---------------+----------------------------------------+-----
Long Blades    | 4 5 8 9 11 12 13 14 | 14.9
Evocations     | 3 5 6 7 |  7.1
Fighting       | 4 6 7 8 10 11 | 11.6
Dodging        | 6 8 9 10 12 14 | 14.0
Shields        | 9 |  9.5
Armour         | 4 5 |  5.0
Transmutations | 4 |  4.5
Throwing       | |  2.0

Action                     |  1- 3 |  4- 6 |  7- 9 | 10-12 | 13-15 || total
---------------------------+-------+-------+-------+-------+-------++-------
  Melee: Long sword        |    89 |   101 |   576 |   278 |   278 ||  1322
         Punch             |       |     2 |     7 |    10 |     4 ||    23
         Tailslap          |       |       |    22 |       |     1 ||    23
         Falchion          |       |       |       |   524 |       ||   524
         Short sword       |       |       |       |       |    32 ||    32
  Throw: Throwing net      |       |     2 |       |       |       ||     2
Ability: Lunge             |       |       |    11 |    30 |    17 ||    58
         Whirlwind         |       |       |       |   124 |   115 ||   239
         Wall Jump         |       |       |       |     6 |     2 ||     8
  Evoke: Wand              |       |       |     7 |     2 |       ||     9
    Use: Potion            |       |     3 |     3 |     2 |     2 ||    10
         Scroll            |       |       |    13 |     4 |     4 ||    21
   Stab: Sleeping          |     1 |       |       |       |       ||     1
         Invisible         |       |       |       |     4 |       ||     4
         Petrified         |       |       |       |     8 |       ||     8
 Armour: Leather armour    |    27 |    20 |       |       |       ||    47
         Scale mail        |       |    35 |   223 |   208 |    86 ||   552
         Skin              |       |       |     7 |       |       ||     7
  Dodge: Dodged            |    62 |    79 |   263 |   386 |   264 ||  1054

Table legend: (Time is in decaauts)
 A = Elapsed time spent in this place.
 B = Non-inter-level travel time spent in this place.
 C = Inter-level travel time spent in this place.
 D = Time resting spent in this place.
 E = Time spent auto-exploring this place.
 F = Levels seen in this place.
 G = Mean time per level.
                   A        B        C        D        E       F      G
               +--------+--------+--------+--------+--------+-----+--------+
         Total |  12728 |  12255 |    473 |    516 |   8565 |  18 |  707.1 |
       Dungeon |   8642 |   8293 |    349 |    238 |   6281 |  10 |  864.2 |
        Temple |    422 |    419 |      3 |    259 |      0 |   1 |  422.0 |
          Lair |   2774 |   2654 |    120 |      0 |   1969 |   4 |  693.5 |
       Ossuary |    369 |    369 |      0 |      6 |    115 |   1 |  369.0 |
        Bailey |    367 |    367 |      0 |      0 |    199 |   1 |  367.0 |
       Volcano |    153 |    153 |      0 |     13 |      0 |   1 |  153.0 |
               +--------+--------+--------+--------+--------+-----+--------+

Top non-repeatable levels by time:
    D:10: 1191 daAuts
     D:9: 1148 daAuts
     D:5: 1068 daAuts
     D:3: 1060 daAuts
  Lair:3: 855 daAuts
  Lair:1: 854 daAuts
  Lair:2: 818 daAuts
     D:8: 781 daAuts
     D:7: 748 daAuts
     D:1: 703 daAuts
     D:4: 659 daAuts
     D:2: 641 daAuts
     D:6: 639 daAuts
  Temple: 422 daAuts
 Ossuary: 369 daAuts
